[Event "Titled Tuesday Blitz June 6 Late 2023"]
[White "Pasti, Aron"]
[Black "Romero Ruscalleda, Josep"]
[WhiteFideId "785857"]
[BlackFideId "2231859"]
[WhiteElo "2173"]
[BlackElo "2183"]
[Result "1-0"]
[Round "10"]
[TimeControl "180+2"]
[Date "2023.06.07"]
[WhiteClock "0:00:25"]
[BlackClock "0:00:18"]
[Board "75"]

1. e4 g6 2. d4 Bg7 3. Nc3 d6 4. f4 a6 5. Nf3 b5 6. a4 b4 7. Nd5 Bb7 8. Bd3 Nf6 9. Nxf6+ Bxf6 10. Be3 Nd7 11. e5 Bg7 12. h4 h5 13. e6 Nf8 14. exf7+ Kxf7 15. Ng5+ Kg8 16. O-O Bf6 17. f5 Kg7 18. fxg6 Qd7 19. Nf7 Nxg6 20. Nxh8 Rxh8 21. Bxg6 Kxg6 22. d5 Bxh4 23. Qd3+ Kg7 24. Bd4+ Bf6 25. Rxf6 exf6 26. Bxf6+ Kxf6 27. Qd4+ Kg6 28. Qxh8 Bxd5 29. Rf1 Bxg2 30. Rf6+ Kg5 31. Qh6+ Kh4 32. Rf4+ Kh3 33. Qxh5+ Kg3 34. Qh4# 1-0


[Site "https://www.chess.com"]

[Event "Titled Tuesday Blitz June 6 Late 2023"]
[White "Ismayil, Malak"]
[Black "Prydun, Andriy"]
[WhiteFideId "13412604"]
[BlackFideId "14145898"]
[WhiteElo "1868"]
[BlackElo "2164"]
[Result "1/2-1/2"]
[Round "10"]
[TimeControl "180+2"]
[Date "2023.06.07"]
[WhiteClock "0:01:17"]
[BlackClock "0:00:31"]
[Board "76"]

1. e4 c5 2. Nf3 g6 3. d4 cxd4 4. Qxd4 Nf6 5. e5 Nc6 6. Qh4 Nh5 7. Nc3 Ng7 8. Bg5 Ne6 9. Bh6 Qa5 10. Bxf8 Kxf8 11. Qe4 Qb4 12. Qxb4 Nxb4 13. O-O-O a6 14. a3 Nc6 15. Nd5 Kg7 16. Nb6 Rb8 17. Nxd7 Bxd7 18. Rxd7 Rhd8 19. Rxd8 Rxd8 20. Bc4 Ned4 21. Re1 Nxf3 22. gxf3 e6 23. c3 Kh6 24. f4 Kh5 25. Be2+ Kh4 26. Kc2 Kh3 27. Bf3 h5 28. Re3 Kh4 29. Be2 Rd7 30. b4 Ne7 31. Bf3 Rc7 32. Re4 Kh3 33. Re3 Kh4 34. Kb3 Rd7 35. Kc2 Rc7 1/2-1/2


[Site "https://www.chess.com"]

[Event "Titled Tuesday Blitz June 6 Late 2023"]
[White "Olsson, William"]
[Black "Rios Escobar, Adan"]
[WhiteFideId "1741721"]
[BlackFideId "3403645"]
[WhiteElo "2197"]
[BlackElo "2461"]
[Result "0-1"]
[Round "10"]
[TimeControl "180+2"]
[Date "2023.06.07"]
[WhiteClock "0:00:08"]
[BlackClock "0:00:05"]
[Board "77"]

1. c4 Nf6 2. g3 g6 3. Bg2 Bg7 4. Nc3 c5 5. a3 d6 6. b4 Nc6 7. Rb1 O-O 8. Nf3 h6 9. O-O Be6 10. d3 Qd7 11. Re1 b6 12. Nd2 Rac8 13. Qb3 Nd4 14. Qa2 Ng4 15. bxc5 dxc5 16. h3 Ne5 17. Kh2 h5 18. a4 h4 19. a5 hxg3+ 20. fxg3 Nf5 21. Nde4 Nc6 22. axb6 axb6 23. Bf4 Nb4 24. Qa4 Qd8 25. Qb3 Nd4 26. Qd1 Bd7 27. Rf1 Bc6 28. e3 Ne6 29. Nb5 Nxf4 30. Rxf4 Qxd3 31. Qxd3 Nxd3 32. Na7 Nxf4 33. Nxc8 Rxc8 34. gxf4 f5 35. Ng5 Bxg2 36. Kxg2 Rc6 37. Kf3 Bf6 38. h4 Bxg5 39. hxg5 Kf7 40. e4 Rd6 41. Ke3 fxe4 42. Kxe4 Rd4+ 43. Ke5 Rxc4 44. Rxb6 Rc1 45. Rc6 c4 46. Kd4 c3 47. Ke3 c2 48. Kd2 Rf1 49. Kxc2 Rxf4 50. Rc5 Rf5 51. Rc6 Rxg5 52. Kd3 Re5 53. Kd4 Re6 54. Rc5 Kf6 55. Kd3 Re1 56. Kd4 e6 57. Rc6 g5 58. Kd3 g4 59. Kd2 Re5 60. Rc4 Kf5 61. Kd3 g3 62. Kd2 Re4 63. Kd3 Rxc4 64. Kd2 0-1


[Site "https://www.chess.com"]

[Event "Titled Tuesday Blitz June 6 Late 2023"]
[White "Della Morte, German"]
[Black "Gerbelli Neto, Eduardo"]
[WhiteFideId "113522"]
[BlackFideId "2103281"]
[WhiteElo "2306"]
[BlackElo "2178"]
[Result "1-0"]
[Round "10"]
[TimeControl "180+2"]
[Date "2023.06.07"]
[WhiteClock "0:02:31"]
[BlackClock "0:01:40"]
[Board "78"]

1. e4 e5 2. Nf3 Nc6 3. Bb5 a6 4. Ba4 d6 5. h3 f5 6. exf5 Bxf5 7. O-O Be7 8. d4 e4 9. d5 b5 10. dxc6 bxa4 11. Nd4 Qc8 12. Nc3 Nf6 13. Re1 d5 14. Bg5 O-O 15. Bxf6 Bxf6 16. Nxd5 Bg6 17. c4 Rb8 18. b3 axb3 19. axb3 Bxd4 20. Ne7+ 1-0


[Site "https://www.chess.com"]

[Event "Titled Tuesday Blitz June 6 Late 2023"]
[White "Rodriguez Santiago, Jaime"]
[Black "Kovalevsky, Stanislav"]
[WhiteFideId "3100898"]
[BlackFideId "13508598"]
[WhiteElo "2025"]
[BlackElo "2112"]
[Result "0-1"]
[Round "10"]
[TimeControl "180+2"]
[Date "2023.06.07"]
[WhiteClock "0:00:40"]
[BlackClock "0:00:54"]
[Board "79"]

1. c4 e6 2. d4 d5 3. Nc3 Nf6 4. cxd5 exd5 5. Bg5 c6 6. e3 Be7 7. Qc2 Nbd7 8. Bd3 Nf8 9. Nge2 h6 10. Bh4 Ne6 11. O-O h5 12. f3 g5 13. Bf2 Bd7 14. e4 h4 15. e5 Nh5 16. Be3 Nef4 17. Bxf4 Nxf4 18. Nxf4 gxf4 19. Bf5 Qc8 20. Bxd7+ Qxd7 21. Rae1 h3 22. e6 fxe6 23. Qg6+ Kd8 24. Rxe6 Kc7 25. Rfe1 Bh4 26. R1e2 Rag8 27. Qc2 hxg2 28. Na4 Bf2+ 29. Rxf2 Qxe6 30. Qd2 Qh6 31. Rxg2 Qxh2+ 0-1


[Site "https://www.chess.com"]

[Event "Titled Tuesday Blitz June 6 Late 2023"]
[White "Weisz, Bryan"]
[Black "Garcia Cuenca, Victor"]
[WhiteFideId "30934133"]
[BlackFideId "2250829"]
[WhiteElo "2331"]
[BlackElo "2329"]
[Result "0-1"]
[Round "10"]
[TimeControl "180+2"]
[Date "2023.06.07"]
[WhiteClock "0:00:01"]
[BlackClock "0:00:09"]
[Board "80"]

1. d4 Nf6 2. c4 c5 3. d5 b5 4. cxb5 a6 5. f3 e6 6. e4 c4 7. Bxc4 axb5 8. Bb3 Bc5 9. Ne2 Qb6 10. Nbc3 O-O 11. Bg5 d6 12. Qd2 e5 13. O-O-O h6 14. Kb1 hxg5 15. Qxg5 Nbd7 16. Ng3 Nh7 17. Qh4 Be3 18. Nf5 Bg5 19. Qg3 g6 20. h4 Bf4 21. Ne7+ Kh8 22. Qe1 Nc5 23. h5 g5 24. Bc2 b4 25. Na4 Nxa4 26. Bxa4 Rxa4 27. Ng6+ Kg7 28. Nxf8 Nxf8 29. g3 Be3 30. f4 exf4 31. gxf4 Bxf4 32. e5 Bxe5 33. h6+ Kg6 34. Rf1 f5 35. Qe2 f4 36. h7 Bf5+ 37. Ka1 Nxh7 38. Rh1 Nf6 39. Rh8 Qa7 40. a3 Rxa3# 0-1


[Site "https://www.chess.com"]

[Event "Titled Tuesday Blitz June 6 Late 2023"]
[White "Cagara, Paulina"]
[Black "Herman, Daniel"]
[WhiteFideId "1124870"]
[BlackFideId "30935008"]
[WhiteElo "1967"]
[BlackElo "1897"]
[Result "0-1"]
[Round "10"]
[TimeControl "180+2"]
[Date "2023.06.07"]
[WhiteClock "0:01:30"]
[BlackClock "0:01:35"]
[Board "81"]

1. e4 e5 2. Nf3 Nc6 3. c3 Nf6 4. d4 Nxe4 5. d5 Bc5 6. dxc6 Bxf2+ 7. Ke2 bxc6 8. Qd3 d5 9. Be3 Bxe3 10. Qxe3 O-O 11. Nbd2 f5 12. Nxe4 fxe4 13. Nxe5 Qf6 14. Kd2 Qxe5 15. Be2 Rb8 16. Rab1 Be6 17. Qd4 Qd6 18. Rhf1 Rxf1 19. Bxf1 c5 20. Qf2 d4 21. cxd4 cxd4 22. b3 e3+ 0-1


[Site "https://www.chess.com"]

[Event "Titled Tuesday Blitz June 6 Late 2023"]
[White "Prado Lobo, Jonas"]
[Black "Harish, Neeraj"]
[WhiteFideId "32050666"]
[BlackFideId "30958130"]
[WhiteElo "2322"]
[BlackElo "1879"]
[Result "1-0"]
[Round "10"]
[TimeControl "180+2"]
[Date "2023.06.07"]
[WhiteClock "0:01:08"]
[BlackClock "0:01:09"]
[Board "82"]

1. d4 d5 2. Nc3 Nf6 3. Bf4 c5 4. e4 Nxe4 5. Nxe4 dxe4 6. dxc5 Qxd1+ 7. Rxd1 Nc6 8. Bb5 Bd7 9. Ne2 a6 10. Ba4 O-O-O 11. Nc3 f5 12. Nd5 e5 13. Nb6+ Kb8 14. Nxd7+ Rxd7 15. Rxd7 exf4 16. Bxc6 bxc6 17. b4 a5 18. c3 axb4 19. cxb4 g6 20. O-O e3 21. Rfd1 Bh6 22. Rd8+ Rxd8 23. Rxd8+ Kb7 24. Rd7+ Ka6 25. Rxh7 Bg5 26. fxe3 fxe3 27. Kf1 Bf6 28. Rh6 Kb5 29. Rxg6 Bc3 30. a4+ Kxa4 31. Rxc6 Kxb4 32. Ke2 Bd4 33. Rc8 Bxc5 34. Rxc5 Kxc5 35. Kxe3 Kd6 36. Kf4 Ke6 37. Kg5 Ke5 38. h4 f4 39. h5 Ke4 40. h6 f3 41. gxf3+ Kxf3 42. h7 1-0


[Site "https://www.chess.com"]

[Event "Titled Tuesday Blitz June 6 Late 2023"]
[White "sebastianmarinp"]
[Black "Liu, Eric"]
[BlackFideId "30960240"]
[WhiteElo "2367"]
[BlackElo "2094"]
[Result "0-1"]
[Round "10"]
[TimeControl "180+2"]
[Date "2023.06.07"]
[WhiteClock "0:00:02"]
[BlackClock "0:00:33"]
[Board "83"]

1. e4 b6 2. d4 Bb7 3. Nc3 e6 4. Nf3 h5 5. a3 h4 6. h3 Be7 7. Be3 d6 8. Qd2 Nf6 9. Bd3 Nbd7 10. Bg5 d5 11. exd5 Nxd5 12. Bxe7 Qxe7 13. Ne4 e5 14. O-O-O exd4 15. Rhe1 O-O-O 16. Nxd4 Ne5 17. Bf1 c5 18. Nf5 Qf8 19. Ned6+ Rxd6 20. Rxe5 Rd7 21. Bb5 Rd8 22. c4 Nc7 23. Bd7+ Kb8 24. Qf4 g6 25. Ne7 Qg7 26. Ree1 Qh6 27. Qxh6 Rxh6 28. Nc6+ Bxc6 29. Bxc6 Rxd1+ 30. Rxd1 Kc8 31. Rd7 g5 32. Ba4 b5 33. Rxc7+ Kxc7 34. Bxb5 Rf6 35. f3 Rd6 36. Kc2 Rd4 37. Kc3 Rd1 38. Be8 f6 39. Bh5 Rg1 40. f4 Rxg2 41. fxg5 Rxg5 42. Bf3 Rg3 0-1


[Site "https://www.chess.com"]

[Event "Titled Tuesday Blitz June 6 Late 2023"]
[White "Pavlidou, Ekaterini"]
[Black "Srdanovic, Jovana"]
[WhiteFideId "4213262"]
[BlackFideId "954810"]
[WhiteElo "2126"]
[BlackElo "2155"]
[Result "1-0"]
[Round "10"]
[TimeControl "180+2"]
[Date "2023.06.07"]
[WhiteClock "0:01:44"]
[BlackClock "0:01:25"]
[Board "84"]

1. d4 d5 2. c4 c6 3. Nf3 Nf6 4. cxd5 cxd5 5. Bf4 Nc6 6. Nc3 Bf5 7. Qb3 Na5 8. Qa4+ Bd7 9. Qc2 e6 10. e3 Bb4 11. a3 Bxc3+ 12. Qxc3 O-O 13. Bc7 Ne4 14. Bxd8 Nxc3 15. Bxa5 Ne4 16. Ne5 Bc8 17. f3 Nf6 18. Bb4 Rd8 19. Be7 Re8 20. Bxf6 gxf6 21. Ng4 Kg7 22. Bb5 Rd8 23. Rc1 a6 24. Ba4 h5 25. Nf2 e5 26. Rc7 b5 27. Bb3 Be6 28. Nd3 exd4 29. exd4 Bf5 30. Kd2 a5 31. Nf4 a4 32. Bxd5 Kh6 33. Rxf7 Bg6 34. Rxf6 Kg5 35. Rxg6+ Kxf4 36. g3+ Kf5 37. Be4# 1-0


[Site "https://www.chess.com"]

[Event "Titled Tuesday Blitz June 6 Late 2023"]
[White "MrAnnihilation"]
[Black "Krzywda, Andrzej"]
[BlackFideId "1114565"]
[WhiteElo "2395"]
[BlackElo "2138"]
[Result "0-1"]
[Round "10"]
[TimeControl "180+2"]
[Date "2023.06.07"]
[WhiteClock "0:01:49"]
[BlackClock "0:02:46"]
[Board "85"]

1. e4 e5 2. Nf3 Nf6 3. Nxe5 d6 4. Nxf7 Kxf7 5. d4 c5 6. Nc3 cxd4 7. Qxd4 Nc6 8. Bc4+ Be6 9. Bxe6+ Kxe6 10. Qc4+ Kd7 11. Bg5 Qa5 12. Qf7+ Be7 13. O-O-O Qxg5+ 0-1


[Site "https://www.chess.com"]

[Event "Titled Tuesday Blitz June 6 Late 2023"]
[White "Kohler, Aran"]
[Black "Vaglio Munoz, Jaime"]
[WhiteFideId "1002856"]
[BlackFideId "6500145"]
[WhiteElo "2321"]
[BlackElo "2199"]
[Result "1-0"]
[Round "10"]
[TimeControl "180+2"]
[Date "2023.06.07"]
[WhiteClock "0:01:17"]
[BlackClock "0:01:17"]
[Board "86"]

1. d4 c6 2. e4 d5 3. e5 c5 4. dxc5 Qc7 5. Qxd5 Nc6 6. Bb5 Be6 7. Bxc6+ bxc6 8. Qe4 g6 9. Nf3 Bg7 10. O-O Bd5 11. Qe2 Bxf3 12. Qxf3 Bxe5 13. Re1 Bxh2+ 14. Kh1 Nf6 15. g3 Bxg3 16. Qxg3 Qd7 17. Nc3 O-O 18. Bh6 Rfe8 19. Rad1 Qf5 20. Re5 Qxc2 21. Rd2 Qc1+ 22. Kg2 Nh5 23. Rxh5 e5 24. Re2 Qa1 25. Rh1 1-0


[Site "https://www.chess.com"]

[Event "Titled Tuesday Blitz June 6 Late 2023"]
[White "Francisco_Ferrari"]
[Black "Hoffmann, Asa"]
[BlackFideId "2001470"]
[WhiteElo "2195"]
[BlackElo "2117"]
[Result "0-1"]
[Round "10"]
[TimeControl "180+2"]
[Date "2023.06.07"]
[WhiteClock "0:00:02"]
[BlackClock "0:00:33"]
[Board "87"]

1. d4 Nf6 2. Nf3 d6 3. Bf4 c6 4. Nbd2 Bf5 5. e3 Nbd7 6. h3 h6 7. Bd3 Bxd3 8. cxd3 e6 9. O-O Be7 10. Nc4 Nb6 11. a4 O-O 12. a5 Nbd5 13. Bh2 Re8 14. e4 Nc7 15. Qb3 Rb8 16. Rfc1 d5 17. Ncd2 Nd7 18. Qc2 a6 19. Ne5 Rc8 20. Nb3 Nb5 21. Nxd7 Qxd7 22. Nc5 Bxc5 23. dxc5 Nd4 24. Qd1 Rcd8 25. Be5 Nb5 26. Qg4 f5 27. exf5 exf5 28. Qg3 Qf7 29. d4 Re6 30. h4 Rg6 31. Qf4 Rg4 32. Qh2 Nxd4 33. Bxd4 Rxd4 34. Re1 Re4 35. f3 Rxe1+ 36. Rxe1 Re8 37. Rxe8+ Qxe8 38. Qc7 Qe1+ 39. Kh2 Qxh4+ 40. Kg1 Qd4+ 41. Kh2 Qf6 42. Qxb7 d4 43. Qxa6 Qe5+ 44. Kh3 Qxc5 45. Qc8+ Kh7 46. a6 d3 47. a7 Qxa7 48. Qxf5+ Kh8 49. Qxd3 Qe7 50. g4 Qe6 51. Qe4 Qxe4 52. fxe4 g6 53. Kg3 Kg7 54. Kf4 Kf6 55. b4 Ke6 56. e5 Kd5 57. g5 h5 0-1


[Site "https://www.chess.com"]

[Event "Titled Tuesday Blitz June 6 Late 2023"]
[White "Cluke86"]
[Black "Yanayt, Eugene"]
[BlackFideId "2020165"]
[WhiteElo "2159"]
[BlackElo "2083"]
[Result "0-1"]
[Round "10"]
[TimeControl "180+2"]
[Date "2023.06.07"]
[WhiteClock "0:00:05"]
[BlackClock "0:00:57"]
[Board "88"]

1. e4 c5 2. Nc3 g6 3. f4 Bg7 4. Nf3 Nc6 5. a4 e6 6. e5 d6 7. Bb5 Ne7 8. Ne4 dxe5 9. fxe5 O-O 10. Bxc6 Nxc6 11. d4 cxd4 12. Bg5 Qa5+ 13. Bd2 Qb6 14. Nf6+ Kh8 15. Bf4 Qb4+ 16. Bd2 Qc5 17. Bf4 Qb4+ 18. Bd2 Qxb2 19. O-O d3 20. c3 Qb6+ 21. Kh1 Na5 22. Ng5 h6 23. Nge4 Nc4 24. Bf4 Qa5 25. Qxd3 Nxe5 26. Qh3 h5 27. g4 Nxg4 28. Nxg4 e5 29. Bg5 Bxg4 30. Qe3 Qd5 31. Kg1 f5 32. Bf6 f4 33. Bxg7+ Kxg7 0-1


[Site "https://www.chess.com"]

[Event "Titled Tuesday Blitz June 6 Late 2023"]
[White "Belov, Alexei"]
[Black "Araujo Filho, Luiz Antonio Coel"]
[WhiteFideId "4128206"]
[BlackFideId "2130661"]
[WhiteElo "2595"]
[BlackElo "2056"]
[Result "1-0"]
[Round "10"]
[TimeControl "180+2"]
[Date "2023.06.07"]
[WhiteClock "0:01:59"]
[BlackClock "0:01:33"]
[Board "89"]

1. e4 c6 2. d4 d5 3. Nd2 dxe4 4. Nxe4 Nf6 5. Nxf6+ exf6 6. c3 Bd6 7. Bd3 O-O 8. Ne2 Re8 9. Qc2 h5 10. Be3 Nd7 11. O-O-O Qc7 12. c4 b6 13. Nc3 Nf8 14. Kb1 Bd7 15. g3 Bg4 16. Rde1 Bf3 17. Rhg1 Ne6 18. Be4 Bxe4 19. Nxe4 Bb4 20. g4 Bxe1 21. gxh5 Qxh2 22. Nxf6+ Kf8 23. Nh7+ Ke7 24. Rxe1 Qxh5 25. d5 cxd5 26. Ng5 Nxg5 27. Bc5+ Kf6 28. Bd4+ 1-0


[Site "https://www.chess.com"]

[Event "Titled Tuesday Blitz June 6 Late 2023"]
[White "Swicarz, Maciej"]
[Black "Gonzalez Vega, Alejandro"]
[WhiteFideId "1113585"]
[BlackFideId "3510042"]
[WhiteElo "2181"]
[BlackElo "2315"]
[Result "1-0"]
[Round "10"]
[TimeControl "180+2"]
[Date "2023.06.07"]
[WhiteClock "0:00:50"]
[BlackClock "0:00:01"]
[Board "90"]

1. c4 e5 2. d3 Nc6 3. Nf3 Bc5 4. a3 a5 5. e3 Ba7 6. d4 exd4 7. exd4 d6 8. Be2 Nf6 9. h3 h6 10. Be3 O-O 11. O-O Re8 12. Nc3 Bf5 13. Bd3 Qd7 14. d5 Ne5 15. Nxe5 Rxe5 16. Bxa7 Rxa7 17. b4 axb4 18. Bxf5 Qxf5 19. axb4 Rxa1 20. Qxa1 b6 21. Nb5 Re7 22. Re1 Rxe1+ 23. Qxe1 Qd3 24. Qf1 Qb3 25. Nxc7 Qxb4 26. Nb5 Qc5 27. Qd3 Qb4 28. Nd4 Qe1+ 29. Qf1 Qe4 30. Nb5 Qe7 31. g3 h5 32. Qd1 g6 33. Qd4 Nd7 34. Kg2 Nc5 35. Qf4 Nd3 36. Qd4 Nc5 37. h4 f6 38. Kh2 Kf7 39. Qf4 Kg7 40. Nxd6 Nd3 41. Qd4 Nxf2 42. Nf5+ gxf5 43. Qxf2 Qc7 44. Qf4 Qxc4 45. Qxc4 1-0


[Site "https://www.chess.com"]

[Event "Titled Tuesday Blitz June 6 Late 2023"]
[White "KorolDimitriy75"]
[Black "Celestino, Rafael Teixeira"]
[BlackFideId "2108925"]
[WhiteElo "2432"]
[BlackElo "2305"]
[Result "1-0"]
[Round "10"]
[TimeControl "180+2"]
[Date "2023.06.07"]
[WhiteClock "0:00:20"]
[BlackClock "0:01:49"]
[Board "91"]

1. d4 Nf6 2. c4 e6 3. Nc3 d5 4. Bg5 Bb4 5. cxd5 exd5 6. e3 c6 7. Bd3 O-O 8. Qc2 h6 9. Bh4 Nbd7 10. Ne2 Qc7 11. f3 Re8 12. Bf2 Nf8 13. O-O Bd6 14. h3 Nh5 15. e4 Ng3 16. e5 Nxe2+ 17. Bxe2 Be7 18. Nxd5 Qd8 19. Nc3 Bh4 20. Rad1 Be6 21. f4 Bxf2+ 22. Rxf2 Qh4 23. f5 Bd7 24. Ne4 Rad8 25. Nd6 Qg3 26. Nxe8 Rxe8 27. Qc3 Qg5 28. Rdf1 Nh7 29. Kh2 b6 30. Qg3 Qd2 31. Bd3 Qg5 32. h4 Qxg3+ 33. Kxg3 Rd8 34. Be4 Be8 35. Rd2 Nf8 36. Kf4 Nh7 37. Ke3 Nf8 38. Rc1 Rc8 39. Rdc2 g6 40. g4 f6 41. Bxc6 Bf7 42. b3 Rd8 43. Be4 fxe5 44. dxe5 Re8 45. e6 Bxe6 46. fxe6 Nxe6 47. Rc8 Kf7 48. Rxe8 Kxe8 49. Rd1 Ke7 50. Bf3 Nc5 51. Kf2 Ke6 52. Re1+ Kf6 53. Kg3 Nd3 54. Rd1 Nb4 55. Rd2 a5 56. a3 Na6 57. Rd6+ Ke5 58. Rxb6 Nc7 59. Rxg6 h5 60. Rg5+ Kf6 61. gxh5 Ne8 62. h6 Nd6 63. h7 Nf7 64. Rg8 a4 65. h8=Q+ Nxh8 66. Rxh8 axb3 67. Rb8 b2 68. Rxb2 Ke5 69. a4 Kd4 70. a5 Kc3 71. Rb8 Kd4 72. a6 Kc5 73. a7 Kd6 74. a8=Q Ke5 75. Rb5+ Kd4 76. Qa4+ Ke3 77. Rb3+ Kd2 78. Qa2+ Kc1 79. Rb1# 1-0


[Site "https://www.chess.com"]

[Event "Titled Tuesday Blitz June 6 Late 2023"]
[White "Kostiukov, Alexandr"]
[Black "Ozalp, Burak"]
[WhiteFideId "14108100"]
[BlackFideId "6314210"]
[WhiteElo "2202"]
[BlackElo "2106"]
[Result "1-0"]
[Round "10"]
[TimeControl "180+2"]
[Date "2023.06.07"]
[WhiteClock "0:00:18"]
[BlackClock "0:00:20"]
[Board "92"]

1. g3 g6 2. Bg2 Bg7 3. c4 c5 4. Nf3 Nc6 5. O-O Nh6 6. Nc3 Nf5 7. d3 O-O 8. Rb1 d6 9. a3 Rb8 10. Bd2 b6 11. b4 Bb7 12. Re1 h6 13. e3 e6 14. Qc2 Qd7 15. Ne4 d5 16. cxd5 exd5 17. Nc3 Rfd8 18. bxc5 bxc5 19. d4 cxd4 20. exd4 Rbc8 21. Qd3 Ba8 22. Bh3 Na5 23. Bxf5 Qxf5 24. Qxf5 gxf5 25. Nb5 Nc4 26. Nxa7 Nxd2 27. Nxd2 Rc2 28. Nf3 Bf6 29. Nb5 Bc6 30. a4 Ra8 31. Rec1 Bd7 32. Rxc2 1-0


[Site "https://www.chess.com"]

[Event "Titled Tuesday Blitz June 6 Late 2023"]
[White "Stachanczyk, Jacek"]
[Black "Simonovic, Miroslav"]
[WhiteFideId "1116657"]
[BlackFideId "919152"]
[WhiteElo "2084"]
[BlackElo "2075"]
[Result "0-1"]
[Round "10"]
[TimeControl "180+2"]
[Date "2023.06.07"]
[WhiteClock "0:00:01"]
[BlackClock "0:00:20"]
[Board "93"]

1. e4 c5 2. Nf3 Nc6 3. d4 cxd4 4. Nxd4 g6 5. c4 Bg7 6. Be3 d6 7. Nc3 Nf6 8. Be2 Bd7 9. Qd2 h5 10. f3 Qa5 11. Nb3 Qd8 12. O-O O-O 13. h3 Rc8 14. f4 Na5 15. Nxa5 Qxa5 16. Rac1 Rfd8 17. b3 Bc6 18. Bd3 a6 19. Qf2 Nd7 20. Bd2 Qc5 21. Qxc5 Nxc5 22. Bb1 Bxc3 23. Bxc3 Bxe4 24. Bd4 Bxb1 25. Rxb1 Ne4 26. Rfe1 f5 27. Bb6 Re8 28. Rbd1 Rc6 29. Bd4 Kf7 30. Bb2 Rc7 31. Rd5 e6 32. Rdd1 e5 33. fxe5 dxe5 34. g4 hxg4 35. hxg4 Ke6 36. Kg2 Rd7 37. Rxd7 Kxd7 38. Rh1 Re7 39. Kf3 Ng5+ 40. Kg3 f4+ 41. Kg2 Ke6 42. Rh6 Rg7 43. Rh8 Re7 44. Rh6 Kf6 45. Rh8 Nf7 0-1


[Site "https://www.chess.com"]

[Event "Titled Tuesday Blitz June 6 Late 2023"]
[White "Mazurkiewicz, Michal"]
[Black "Wang, Alexander J"]
[WhiteFideId "1124943"]
[BlackFideId "30955270"]
[WhiteElo "2063"]
[BlackElo "2266"]
[Result "1-0"]
[Round "10"]
[TimeControl "180+2"]
[Date "2023.06.07"]
[WhiteClock "0:02:03"]
[BlackClock "0:01:03"]
[Board "94"]

1. e4 c5 2. Nf3 e6 3. d3 Nc6 4. g3 d5 5. Nbd2 Nf6 6. Bg2 Be7 7. O-O O-O 8. e5 Nd7 9. Re1 b6 10. h4 Bb7 11. c3 d4 12. c4 Qc7 13. Qe2 a6 14. Nf1 b5 15. b3 bxc4 16. bxc4 a5 17. Bf4 a4 18. N1h2 a3 19. Ng5 Bxg5 20. hxg5 Nb4 21. Bxb7 Qxb7 22. Rad1 Nb6 23. Qh5 Na4 24. Ng4 Nc3 25. Rd2 Nbxa2 26. Nf6+ gxf6 27. gxf6 Rfb8 28. Qg5+ Kf8 29. Qg7+ Ke8 30. Qg8+ Kd7 31. Qxf7+ Kc6 32. Qxe6+ Kc7 33. Qd6+ Kc8 34. e6 1-0


[Site "https://www.chess.com"]

[Event "Titled Tuesday Blitz June 6 Late 2023"]
[White "Shapiro, Daniel"]
[Black "Eggleston, Thomas A"]
[WhiteFideId "2001780"]
[BlackFideId "412139"]
[WhiteElo "2353"]
[BlackElo "2155"]
[Result "0-1"]
[Round "10"]
[TimeControl "180+2"]
[Date "2023.06.07"]
[WhiteClock "0:00:02"]
[BlackClock "0:00:29"]
[Board "95"]

1. d4 e6 2. c4 f5 3. Nf3 Nf6 4. Nc3 Bb4 5. Qb3 c5 6. g3 Qe7 7. Bg2 Na6 8. O-O O-O 9. a3 Bxc3 10. Qxc3 cxd4 11. Nxd4 Nc5 12. b4 Nce4 13. Qc2 b6 14. f3 Nd6 15. Bb2 Ba6 16. b5 Bb7 17. Rfc1 Rac8 18. Qd3 Rc7 19. a4 Nf7 20. Ba3 d6 21. a5 Rfc8 22. axb6 axb6 23. Nb3 Ne8 24. Qd4 Ne5 25. Qxe5 dxe5 26. Bxe7 Rxe7 27. Ra7 Kf8 28. c5 Bd5 29. Rxe7 Kxe7 30. cxb6 Rb8 31. Na5 Rxb6 32. Nc6+ Kd6 33. e4 Bxc6 34. bxc6 Rxc6 35. Rxc6+ Kxc6 36. Kf2 Kd6 37. Ke3 Nc7 38. Bf1 Ne8 39. Bc4 Nf6 40. Bb3 g5 41. h3 f4+ 42. Kf2 Nd7 43. g4 Nc5 44. Bc4 Kc6 45. Ke2 Kb6 46. Kd2 Ka5 47. Kc3 Ka4 48. Ba2 Ka3 49. Bc4 Ka4 50. Ba2 Ka5 51. Bc4 Kb6 52. Kb4 Kc6 53. Bb5+ Kd6 54. Bc4 Nd7 55. Bb5 Nc5 56. Bc4 Nb7 57. Bb5 Nd8 58. Bc4 Nc6+ 59. Kc3 Nd4 0-1


[Site "https://www.chess.com"]

[Event "Titled Tuesday Blitz June 6 Late 2023"]
[White "Ogreberbere"]
[Black "Pace, Christopher"]
[BlackFideId "2610167"]
[WhiteElo "2188"]
[BlackElo "2324"]
[Result "0-1"]
[Round "10"]
[TimeControl "180+2"]
[Date "2023.06.07"]
[WhiteClock "0:00:01"]
[BlackClock "0:00:17"]
[Board "96"]

1. d4 Nf6 2. c4 g6 3. Nc3 Bg7 4. e4 O-O 5. Nf3 d6 6. Be2 e5 7. O-O exd4 8. Nxd4 Re8 9. f3 c6 10. Kh1 Nbd7 11. Be3 a5 12. Qd2 Nc5 13. Rad1 Nfd7 14. Rfe1 a4 15. Bf2 Qb6 16. Bf1 a3 17. b3 Qb4 18. Nce2 Qxd2 19. Rxd2 f5 20. exf5 Ne5 21. Ng3 Bh6 22. Rdd1 Bd7 23. Be3 Nxf3 24. gxf3 Rxe3 25. Rxe3 Bxe3 26. Ne4 Bxd4 27. Rxd4 Nxb3 28. Rxd6 Bxf5 29. c5 Bxe4 30. fxe4 Nxc5 31. Bc4+ Kg7 32. Rd2 b5 33. Bf1 Nxe4 34. Rd7+ Kf6 35. Rc7 c5 36. Bg2 Re8 37. Rc6+ Kf5 38. Rb6 b4 39. Rc6 Nc3 40. Rxc5+ Re5 41. Rxe5+ Kxe5 42. Bf1 Nxa2 43. Bc4 Nc3 44. Bb3 Kd4 45. Kg2 a2 46. Bxa2 Nxa2 47. Kg3 Nc3 48. Kg4 b3 49. Kg5 b2 50. Kh6 b1=Q 51. Kg7 Qf5 52. Kxh7 Qh5+ 53. Kg7 g5 54. Kf6 g4 55. Ke6 Qxh2 56. Kf5 g3 57. Kf4 g2+ 58. Kf3 Qh3+ 59. Kf2 Ne4+ 60. Ke2 Qe3+ 61. Kd1 Qd2# 0-1


[Site "https://www.chess.com"]

[Event "Titled Tuesday Blitz June 6 Late 2023"]
[White "Rian, Kapriaga"]
[Black "Sanchez, Robert"]
[WhiteFideId "7103263"]
[BlackFideId "2034360"]
[WhiteElo "2316"]
[BlackElo "1891"]
[Result "1-0"]
[Round "10"]
[TimeControl "180+2"]
[Date "2023.06.07"]
[WhiteClock "0:01:23"]
[BlackClock "0:01:44"]
[Board "97"]

1. d4 Nf6 2. Nf3 g6 3. e3 Bg7 4. b3 d6 5. Bb2 O-O 6. Nbd2 Nbd7 7. Be2 Re8 8. O-O e5 9. dxe5 Nxe5 10. Nxe5 dxe5 11. e4 Qe7 12. Bc4 a6 13. a4 Bd7 14. Qe2 Bc6 15. f3 b5 16. axb5 axb5 17. Bd3 Nh5 18. g3 Qg5 19. Kh1 f5 20. Rxa8 Rxa8 21. Bc1 f4 22. g4 Nf6 23. Bxb5 Bxb5 24. Qxb5 h5 25. gxh5 Qxh5 26. Bb2 Rd8 27. Nc4 Rd1 28. Nxe5 Rxf1+ 29. Qxf1 Nxe4 30. Qc4+ Kh7 31. Qxe4 Qh3 32. Qxg6+ 1-0


[Site "https://www.chess.com"]

[Event "Titled Tuesday Blitz June 6 Late 2023"]
[White "Kornyukov, Alexey"]
[Black "Mikhalsky, Vladimir"]
[WhiteFideId "4150457"]
[BlackFideId "14144352"]
[WhiteElo "2352"]
[BlackElo "2236"]
[Result "0-1"]
[Round "10"]
[TimeControl "180+2"]
[Date "2023.06.07"]
[WhiteClock "0:00:01"]
[BlackClock "0:00:17"]
[Board "98"]

1. d4 Nf6 2. c4 g6 3. f3 Bg7 4. e4 d6 5. Nc3 O-O 6. Bg5 c5 7. d5 Qa5 8. Qd2 e6 9. a4 Na6 10. Nge2 Nb4 11. Nc1 exd5 12. cxd5 Re8 13. Be2 a6 14. O-O c4 15. Ra3 Bd7 16. Nd1 Nfxd5 17. exd5 Qxd5 18. Qxd5 Nxd5 19. Bxc4 Nb6 20. Bd3 Nxa4 21. Be4 Nc5 22. Bd5 Re5 23. b4 Rxg5 24. bxc5 Rxd5 25. cxd6 Rxd6 26. Re1 Re8 27. Rxe8+ Bxe8 28. Ne3 Bb2 29. Rd3 Rxd3 30. Nxd3 Bd4 31. Kf2 Bb5 32. Nb4 f5 33. f4 g5 34. g3 gxf4 35. gxf4 Kf7 36. Kf3 Bxe3 37. Kxe3 Ke6 38. Kd4 Kd6 39. Nd5 a5 40. Ne3 Ke6 41. Kc5 Bc6 42. Nc2 a4 43. Nd4+ Kf6 0-1


[Site "https://www.chess.com"]